 Dungeon Crawl Stone Soup version 0.30-a0-800-g7c544603b3 (webtiles) character file.

Game seed: 5271014796032169691

1372 Darius099 the Cleaver (level 8, -13/67 HPs)
             Began as a Minotaur Fighter on Feb 22, 2023.
             Was an Initiate of Okawaru.
             Killed from afar by an acid dragon (19 damage)
             ... with a splash of acid
             ... on level 6 of the Dungeon.
             The game lasted 00:16:57 (4601 turns).

Darius099 the Cleaver (Minotaur Fighter)            Turns: 4601, Time: 00:16:58

Health: -13/67     AC:  9    Str: 23    XL:     8   Next: 38%
Magic:  7/7        EV:  7    Int:  5    God:    Okawaru [......]
Gold:   226        SH:  5    Dex: 16    Spells: 7/7 levels left

rFire   + . .      SeeInvis .    a - +0 war axe
rCold   . . .      Faith    .    c - +0 buckler
rNeg    . . .      Spirit   .    g - +0 chain mail
rPois   .          Reflect  .    (helmet restricted)
rElec   .          Harm     .    j - +1 cloak
rCorr   .          Rampage  .    (no gloves)
Will    .....                    s - +0 pair of boots Stlth
                                 (no amulet)
HPRegen 0.31/turn                e - +6 ring of dexterity
MPRegen 0.10/turn                D - ring of protection from fire

@: corroded
A: horns 2, retaliatory headbutt
a: Renounce Religion


You were on level 6 of the Dungeon.
You worshipped Okawaru.
Okawaru was noncommittal.
You visited 2 branches of the dungeon, and saw 7 of its levels.

You collected 226 gold pieces.

Inventory:

Hand Weapons
 a - a +0 war axe (weapon)
Missiles
 l - a silver boomerang
 p - 44 stones (quivered)
 H - 5 poisoned darts
Armour
 c - a +0 buckler (worn)
 g - a +0 chain mail (worn)
 j - a +1 cloak (worn)
 s - a +0 pair of boots (worn)
Jewellery
 e - a +6 ring of dexterity (left hand)
 D - a ring of protection from fire (right hand)
Wands
 w - a wand of roots (16)
 A - a wand of polymorph (21)
 G - a wand of paralysis (6)
 I - a wand of flame (26)
Scrolls
 b - a scroll of immolation {unknown}
 k - a scroll of blinking {unknown}
 n - 2 scrolls of teleportation {unknown}
 r - 3 scrolls of fear {unknown}
 v - a scroll of vulnerability {unknown}
 x - a scroll of enchant weapon {unknown}
 y - 2 scrolls of magic mapping {unknown}
 E - a scroll of fog {unknown}
 F - a scroll of identify
Potions
 d - 5 potions of might
 f - 2 potions of brilliance
 h - 3 potions of mutation
 i - a potion of berserk rage {unknown}
 m - 2 potions of cancellation
 o - a potion of heal wounds {unknown}
 q - 3 potions of curing
 t - 2 potions of degeneration
 u - 2 potions of lignification {unknown}
 z - a potion of resistance {unknown}
 B - a potion of haste {unknown}
 C - a potion of invisibility {unknown}


   Skills:
 - Level 4.8 Fighting
 + Level 11.2 Axes
 - Level 4.8 Armour
 - Level 4.8 Shields


You had 7 spell levels left.
You didn't know any spells.
Your spell library contained the following spells:

 Spells                   Type           Power      Damage    Failure   Level
 Cigotuvi's Dreadful Rot  Necr/Pois/Air  0%         N/A       100%        2
 Poisonous Vapours        Pois/Air       0%         N/A       100%        2
 Inner Flame              Hex/Fire       0%         N/A       100%        3
 Mephitic Cloud           Conj/Pois/Air  0%         N/A       100%        3
 Ozocubu's Armour         Ice            0%         N/A       100%        3
 Portal Projectile        Hex/Tloc       0%         N/A       100%        3
 Flame Wave               Conj/Fire      0%         2d4       100%        4
 Leda's Liquefaction      Hex/Erth       0%         N/A       100%        4
 Sticky Flame             Conj/Fire      0%         2d3       100%        4
 Metabolic Englaciation   Hex/Ice        0%         N/A       100%        5
 Call Canine Familiar     Summ           Unusable   N/A       N/A         3
 Simulacrum               Ice/Necr       Unusable   N/A       N/A         6

Dungeon Overview and Level Annotations

Branches:
Dungeon (6/15)             Temple (1/1) D:6

Altars:
Ashenzari
Dithmenos
Fedhas
Gozag
Kikubaaqudgha
Nemelex Xobeh
Okawaru
Qazlal
Ru
Sif Muna
Wu Jian
Yredelemnul
Zin
The Shining One

Shops:
D:5 :


Innate Abilities, Weirdness & Mutations

You have a pair of horns on your head.
You reflexively headbutt those who attack you in melee.


Message History

A jelly comes into view.
The jelly quivers.
A jelly is nearby!
You see here a wand of roots (7).
The jelly hits you but does no damage.
You slash the jelly!
Your hands burn!
The jelly is almost dead.
The jelly hits you.
You are splashed with acid!
You hit the jelly.
You kill the jelly!
Okawaru accepts your kill.
No target in view!
No target in view!
w - a wand of roots (16) (gained 7 charges)
An acid dragon comes into view.
Found a scroll of identify.
The acid dragon roars!
The acid dragon spits acid at you. The splash of acid hits you!!
The acid dragon spits acid at you. The splash of acid hits you!!
The acid corrodes you!
You are too injured to fight recklessly!
You are too injured to fight recklessly!
You are too injured to fight recklessly!
The acid dragon spits acid at you. The splash of acid hits you!!
* * * LOW HITPOINT WARNING * * *
You feel better. The acid dragon completely misses you.
The acid dragon closely misses you.
You closely miss the acid dragon.
You headbutt the acid dragon, but do no damage.
The acid dragon bites you!
* * * LOW HITPOINT WARNING * * *
The acid dragon claws you but does no damage.
You completely miss the acid dragon. You block the acid dragon's attack.
The acid dragon barely misses you.
You closely miss the acid dragon. Your headbutt misses the acid dragon.
The acid dragon spits acid at you. The splash of acid hits you!!
You die...

.#..... ... ..# ...#
.#.###.###.## #.###...##
...#....<...# ##.....?... .#.#
#...#..#.##.........
.#.###......#.##......... ######
.#..##.#............D.... ......
.#.......#..####.######### #####.
.#.#........# #D# #.#######.
.#.#.#......# #@#######.........
...#.#......####.......#..######.
.....'.......................#.#.
#..#.#........########.#..#......
.....#..........# #.#......)).
.....######..##.#########.#.##)#.
....... .......).....####.#....#.
....######.####.######.##.#......
...................##...###....##


You could see an acid dragon (catching breath).

Vanquished Creatures
  Sigmund (D:2)
  A water moccasin (D:6)
  An ice beast (D:6)
  A black bear (D:4)
  3 ogres
  A kobold brigand (D:6)
  A necrophage (D:6)
  2 jellies
  Natasha (thrice) (D:4)
  5 orc wizards
  7 gnolls
  10 adders
  2 shadow imps (D:5)
  2 white imps (D:6)
  2 ufetubi
  3 worms (D:2)
  A dart slug (D:2)
  7 orcs
  5 ball pythons
  5 bats
  3 endoplasms
  3 giant cockroaches
  5 goblins
  A hobgoblin (D:2)
  10 kobolds
  3 quokkas
  2 frilled lizards
  7 rats
97 creatures vanquished.

Notes
Turn   | Place    | Note
-------+----------+-------------------------------------------
     0 | D:1      | Darius099 the Minotaur Fighter began the quest for the Orb.
     0 | D:1      | Reached XP level 1. HP: 19/19 MP: 0/0
   329 | D:1      | Reached XP level 2. HP: 25/27 MP: 1/1
   635 | D:2      | Noticed Sigmund
   686 | D:2      | Killed Sigmund
   687 | D:2      | Reached skill level 4 in Axes
   687 | D:2      | Reached XP level 3. HP: 16/35 MP: 2/2
   687 | D:2      | Reached XP level 4. HP: 19/41 MP: 3/3
   687 | D:2      | Reached XP level 5. HP: 22/47 MP: 4/4
   828 | D:2      | Reached skill level 5 in Axes
   995 | D:2      | Reached XP level 6. HP: 55/55 MP: 5/5
  1673 | D:3      | Found a blossoming altar of Fedhas.
  2024 | D:4      | Found a shimmering blue altar of Sif Muna.
  2053 | D:4      | Reached skill level 6 in Axes
  2263 | D:4      | Noticed Natasha
  2271 | D:4      | Killed Natasha
  2272 | D:4      | Reached skill level 7 in Axes
  2370 | D:4      | Noticed Natasha
  2376 | D:4      | Killed Natasha
  2377 | D:4      | Reached XP level 7. HP: 60/60 MP: 6/6
  2432 | D:4      | Noticed Natasha
  2437 | D:4      | Killed Natasha
  2588 | D:5      | Entered Level 5 of the Dungeon
  2966 | D:5      | Reached skill level 8 in Axes
  3344 | D:5      | Reached skill level 9 in Axes
  3443 | D:5      | Found a glowing silver altar of Zin.
  3516 | D:5      | Found Wingeac Yshru's Book Shoppe.
  3983 | D:6      | Found a staircase to the Ecumenical Temple.
  4009 | Temple   | Entered the Ecumenical Temple
  4009 | Temple   | Found a transporter.
  4009 | Temple   | Found a transporter.
  4011 | Temple   | Found a transporter.
  4011 | Temple   | Found a transporter.
  4045 | Temple   | Became a worshipper of Warmaster Okawaru
  4086 | D:6      | Reached XP level 8. HP: 67/67 MP: 7/7
  4108 | D:6      | Paralysed by a kobold brigand for 4 turns
  4115 | D:6      | Reached skill level 10 in Axes
  4405 | D:6      | Reached skill level 11 in Axes
  4601 | D:6      | Killed from afar by an acid dragon

Illustrated notes

Levels and vault maps discovered:
D:1:      erik_arrival_blinker_ship, layout_loops_cross
D:2:      layout_rooms, hex_tiny, minmay_domino_2, uniq_sigmund
D:3:      layout_loops_ring, mainiacjoe_overflow_alcove_1, serial_park_tiny_pond
D:4:      layout_cave_pools, kennysheep_mini, chequers_serial_rivers_micro_e,
          uniq_natasha
D:5:      layout_rooms, zin_academy, serial_shops, shop
D:6:      layout_basic, minmay_temple_entry_statues_fountains,
          minmay_strange_pillars, nrook_loot_triangle
Temple:   hellmonk_temple_divided_pantheon

Skill      XL: |  1  2  3  4  5  6  7  8 |
---------------+-------------------------+-----
Fighting       | 4 |  4.8
Axes           | 4 5 7 9 11 | 11.2
Armour         | 4 |  4.8
Shields        | 4 |  4.8

Action                     |  1- 3 |  4- 6 |  7- 9 || total
---------------------------+-------+-------+-------++-------
  Melee: War axe           |    48 |    96 |   135 ||   279
         Headbutt          |     4 |    23 |    14 ||    41
    Use: Scroll            |       |       |     5 ||     5
         Potion            |       |       |     1 ||     1
 Armour: Chain mail        |    20 |    66 |    83 ||   169
         Scale mail        |     2 |       |       ||     2
  Dodge: Dodged            |    10 |    34 |    38 ||    82
  Block: Buckler           |     9 |    29 |    30 ||    68

Table legend: (Time is in decaauts)
 A = Elapsed time spent in this place.
 B = Non-inter-level travel time spent in this place.
 C = Inter-level travel time spent in this place.
 D = Time resting spent in this place.
 E = Time spent auto-exploring this place.
 F = Levels seen in this place.
 G = Mean time per level.
                   A        B        C        D        E       F      G
               +--------+--------+--------+--------+--------+-----+--------+
         Total |   4658 |   4410 |    248 |    716 |   2008 |   7 |  665.4 |
       Dungeon |   4605 |   4369 |    236 |    716 |   2001 |   6 |  767.5 |
        Temple |     52 |     40 |     12 |      0 |      7 |   1 |   52.0 |
               +--------+--------+--------+--------+--------+-----+--------+

Top non-repeatable levels by time:
     D:5: 1139 daAuts
     D:6: 832 daAuts
     D:2: 770 daAuts
     D:3: 652 daAuts
     D:1: 615 daAuts
     D:4: 594 daAuts
  Temple: 52 daAuts
